 Dungeon Crawl Stone Soup version 0.28-b1-25-g9875b3fc8c (webtiles) character file.

Game seed: 12349092734977325754

558672 LLlMATKO the Conqueror (level 25, -1/211 (257) HPs)
             Began as a Minotaur Berserker on Jan 31, 2022.
             Was the Champion of the Shining One.
             Slain by a stone giant (17 damage)
             ... created by the rage of Trog
             ... on level 4 of Gehenna on Feb 1, 2022.
             The game lasted 02:45:38 (101981 turns).

LLlMATKO the Conqueror (Minotaur Berserker)       Turns: 101981, Time: 02:45:38

HP:   -1/211 (257)  AC: 35    Str: 15 (24) XL:     25   Next: 27%
MP:   30/40         EV: 14    Int: 11      God:    the Shining One [******]
Gold: 5518          SH: 32    Dex: 19 (23) Spells: 24/24 levels left

rFire   + + +      SeeInvis +   w - +9 broad axe (holy)
rCold   + + +      Faith    .   B - +2 tower shield {rPois}
rNeg    + + +      Spirit   .   W - +8 plate armour of Symmuz {rF+ MP+9 Str+3}
rPois   +          Reflect  +   y - +1 hat {SInv}
rElec   +          Harm     .   U - scarf {repulsion}
rCorr   .          Rampage  .   P - +0 pair of gloves "Cufafuil" {rElec}
Will    ++...                   D - +4 pair of boots of Quantum Leap {Int+7}
Stlth   ..........              J - amulet "Olisuh" {Reflect rF+ rC++ Str-4 Dex+4 SH+5}
HPRegen 0.45/turn               e - ring of protection from fire
MPRegen 0.27/turn               Z - ring of Wedgha {rC+ rN+ Will+}

@: glowing, studying Conjurations, heavily drained, repel missiles, unable to
read
A: horns 2, retaliatory headbutt
}: 3/15 runes: serpentine, barnacled, silver
a: Renounce Religion, Divine Shield, Cleansing Flame, Summon Divine Warrior


You were on level 4 of Gehenna.
You worshipped the Shining One.
The Shining One was exalted by your worship.
You visited 12 branches of the dungeon, and saw 52 of its levels.
You visited the Abyss 1 time.
You also visited: Ossuary and Bailey.

You collected 8676 gold pieces.
You spent 3158 gold pieces at shops.

Inventory:

Hand Weapons
 q - a +1 hand crossbow of flaming
 w - a +9 broad axe of holy wrath (weapon)
 H - the +10 war axe of Agony {elec, rC+ Str+2 Int+2}
   (You took it off a deep elf sorcerer on level 3 of the Elven Halls)

   It occasionally discharges a powerful burst of electricity upon striking a
   foe.
   Str:       It affects your strength (+2).
   Int:       It affects your intelligence (+2).
   rC:        It protects you from cold.
Missiles
 k - 11 throwing nets
 n - 688 bolts
 v - 10 atropa-tipped darts (quivered)
Armour
 y - a +1 hat of see invisible (worn)
 B - a +2 tower shield of poison resistance (worn)
 D - the +4 pair of boots of Quantum Leap (worn) {Int+7}
   (You bought it in a shop on level 5 of the Dungeon)

   Int:       It affects your intelligence (+7).
 P - the +0 pair of gloves "Cufafuil" (worn) {rElec}
   (You bought it in a shop on level 3 of the Dungeon)

   rElec:     It insulates you from electricity.
 U - a scarf of repulsion (worn)
 W - the +8 plate armour of Symmuz (worn) {rF+ MP+9 Str+3}
   (You bought it in a shop on level 3 of the Dungeon)

   Str:       It affects your strength (+3).
   rF:        It protects you from fire.
   MP:        It affects your magic capacity (+9).
Jewellery
 e - a ring of protection from fire (left hand)
 g - the ring of the Heavens {rElec Str+4 SInv}
   (You took it off a deep elf demonologist on level 3 of the Elven Halls)

   [ring of see invisible]

   Str:       It affects your strength (+4).
   rElec:     It insulates you from electricity.
   SInv:      It lets you see invisible.
 h - the amulet "Feaxkew" {Acrobat rCorr Str-2 Int+3}
   (You took it off a deep elf master archer on level 3 of the Elven Halls)

   [amulet of the acrobat]

   It increases your evasion while moving and waiting.
   Str:       It affects your strength (-2).
   Int:       It affects your intelligence (+3).
   rCorr:     It protects you from acid and corrosion.
 I - the ring of Finality {rC+ SInv Stlth+}
   (You found it on level 3 of the Elven Halls)

   [ring of see invisible]

   rC:        It protects you from cold.
   SInv:      It lets you see invisible.
   Stlth:     It makes you more stealthy.
 J - the amulet "Olisuh" (around neck) {Reflect rF+ rC++ Str-4 Dex+4 SH+5}
   (You found it on level 3 of the Crypt)

   [amulet of reflection]

   It reflects blocked missile attacks.
   Str:       It affects your strength (-4).
   Dex:       It affects your dexterity (+4).
   rF:        It protects you from fire.
   rC:        It greatly protects you from cold.
   SH:        It affects your SH (+5).
 N - the ring "Ribrugug" {rElec rPois rF++ rN+ Str-2}
   (You found it on level 3 of the Crypt)

   [ring of positive energy]

   Str:       It affects your strength (-2).
   rF:        It greatly protects you from fire.
   rElec:     It insulates you from electricity.
   rPois:     It protects you from poison.
   rN:        It protects you from negative energy.
 Q - a ring of protection from cold
 Y - the ring "Etu Pycs" {Drain rN+ Will+ Int+5}
   (You found it on level 3 of the Crypt)

   [ring of positive energy]

   Int:       It affects your intelligence (+5).
   rN:        It protects you from negative energy.
   Drain:     It drains your maximum health when unequipped.
   Will:      It increases your willpower.
 Z - the ring of Wedgha (right hand) {rC+ rN+ Will+}
   (You bought it in a shop on level 2 of the Dungeon)

   [ring of protection from cold]

   rC:        It protects you from cold.
   rN:        It protects you from negative energy.
   Will:      It increases your willpower.
Wands
 a - a wand of digging (29)
 o - a wand of acid (4)
 A - a wand of mindburst (17)
 E - a wand of paralysis (36)
 K - a wand of iceblast (41)
 M - a wand of charming (17)
 R - a wand of flame (28)
Scrolls
 d - 12 scrolls of noise
 f - 22 scrolls of identify
 j - 11 scrolls of vulnerability
 p - 8 scrolls of fog
 r - 3 scrolls of holy word
 u - 21 scrolls of teleportation
 z - 4 scrolls of magic mapping
 C - 9 scrolls of enchant armour
 F - a scroll of silence
 G - 6 scrolls of blinking
 O - 8 scrolls of enchant weapon
 S - 4 scrolls of fear
 X - 3 scrolls of brand weapon
Potions
 b - 4 potions of invisibility
 c - 6 potions of might
 i - 5 potions of attraction
 l - 4 potions of flight
 m - 13 potions of heal wounds
 s - 9 potions of lignification
 t - 23 potions of curing
 x - 9 potions of haste
 L - 2 potions of cancellation
 T - 7 potions of ambrosia
 V - a potion of magic


   Skills:
 O Level 27 Fighting
 - Level 25.0 Axes
 - Level 14.0 Crossbows
 - Level 20.0 Armour
 - Level 20.0 Dodging
 - Level 25.0 Shields
 + Level 13.2 Invocations
 + Level 11.5 Evocations


You had 24 spell levels left.
You didn't know any spells.
Your spell library contained the following spells:

 Spells                   Type           Power      Damage    Failure   Level
 Animate Skeleton         Necr           0%         N/A       99%         1
 Apportation              Tloc           0%         N/A       99%         1
 Beastly Appendage        Tmut           0%         N/A       99%         1
 Foxfire                  Conj/Fire      0%         2x1d4     99%         1
 Freeze                   Ice            0%         1d3       99%         1
 Magic Dart               Conj           0%         1d3       99%         1
 Pain                     Necr           0%         1d4       99%         1
 Shock                    Conj/Air       0%         1d3       99%         1
 Summon Small Mammal      Summ           0%         N/A       99%         1
 Corpse Rot               Necr/Air       0%         N/A       100%        2
 Scorch                   Fire           0%         2d5       100%        2
 Searing Ray              Conj           0%         2d4       100%        2
 Static Discharge         Conj/Air       0%         N/A       100%        2
 Sublimation of Blood     Necr           0%         N/A       100%        2
 Wereblood                Tmut           0%         N/A       100%        2
 Confusing Touch          Hex            0%         N/A       100%        3
 Conjure Flame            Conj/Fire      0%         6-21      100%        3
 Frozen Ramparts          Ice            0%         1d2       100%        3
 Gell's Gravitas          Tloc           0%         N/A       100%        3
 Inner Flame              Hex/Fire       0%         N/A       100%        3
 Spider Form              Tmut/Pois      0%         N/A       100%        3
 Teleport Other           Tloc           0%         N/A       100%        3
 Tukima's Dance           Hex            0%         N/A       100%        3
 Vampiric Draining        Necr           0%         2d6       100%        3
 Airstrike                Air            0%         N/A       100%        4
 Anguish                  Hex/Necr       0%         N/A       100%        4
 Animate Armour           Summ/Erth      0%         N/A       100%        4
 Animate Dead             Necr           0%         N/A       100%        4
 Cause Fear               Hex            0%         N/A       100%        4
 Dispel Undead            Necr           0%         3d6       100%        4
 Flame Wave               Conj/Fire      0%         2d4       100%        4
 Fulminant Prism          Conj/Hex       0%         3d6       100%        4
 Hailstorm                Conj/Ice       0%         3d3       100%        4
 Ice Form                 Ice/Tmut       0%         N/A       100%        4
 Leda's Liquefaction      Hex/Erth       0%         N/A       100%        4
 Passage of Golubria      Tloc           0%         N/A       100%        4
 Petrify                  Tmut/Erth      0%         N/A       100%        4
 Sticky Flame             Conj/Fire      0%         2d3       100%        4
 Summon Ice Beast         Ice/Summ       0%         N/A       100%        4
 Summon Lightning Spire   Summ/Air       0%         N/A       100%        4
 Agony                    Necr           0%         N/A       100%        5
 Blade Hands              Tmut           0%         N/A       100%        5
 Excruciating Wounds      Necr           0%         N/A       100%        5
 Freezing Cloud           Conj/Ice/Air   0%         6-21      100%        5
 Irradiate                Conj/Tmut      0%         3d14      100%        5
 Lee's Rapid Deconstruct  Erth           0%         3d5*      100%        5
 Lightning Bolt           Conj/Air       0%         1d11      100%        5
 Summon Forest            Summ/Tloc      0%         N/A       100%        5
 Summon Mana Viper        Hex/Summ       0%         N/A       100%        5
 Yara's Violent Unravell  Hex/Tmut       0%         3d3       100%        5
 Conjure Ball Lightning   Conj/Air       0%         3x3d6     100%        6
 Death Channel            Necr           0%         N/A       100%        6
 Dispersal                Tloc           0%         N/A       100%        6
 Iron Shot                Conj/Erth      0%         9d1       100%        6
 Simulacrum               Ice/Necr       0%         N/A       100%        6
 Statue Form              Tmut/Erth      0%         N/A       100%        6
 Summon Cactus Giant      Summ           0%         N/A       100%        6
 Dragon Form              Tmut           0%         N/A       100%        7
 Enfeeble                 Hex            0%         N/A       100%        7
 Monstrous Menagerie      Summ           0%         N/A       100%        7
 Storm Form               Tmut/Air       0%         N/A       100%        7
 Borgnjor's Revivificati  Necr           0%         N/A       100%        8
 Discord                  Hex            0%         N/A       100%        8
 Infestation              Necr           0%         N/A       100%        8
 Maxwell's Capacitive Co  Air            0%         ∞         100%        8
 Necromutation            Tmut/Necr      0%         N/A       100%        8
 Death's Door             Necr           0%         N/A       100%        9
 Dragon's Call            Summ           0%         N/A       100%        9
 Fire Storm               Conj/Fire      0%         5d1       100%        9
 Polar Vortex             Ice            0%         N/A       100%        9


Dungeon Overview and Level Annotations

Branches:
Dungeon (15/15)            Temple (1/1) D:5            Lair (6/6) D:9
 Shoals (4/4) Lair:2        Snake (4/4) Lair:4        Slime (0/5) Lair:5
    Orc (2/2) D:11            Elf (3/3) Orc:2        Vaults (5/5) D:13
  Crypt (3/3) Vaults:2       Tomb (0/3) Crypt:3      Depths (4/4) D:15
   Hell (visited)             Dis (0/7) Hell            Geh (4/7) Hell
    Coc (0/7) Hell            Tar (0/7) Hell            Zot (0/5) Depths:4
Ossuary (visited)          Bailey (visited)

Altars:
Ashenzari
Cheibriados
Dithmenos
Elyvilon
Fedhas
Gozag
Hepliaklqana
Kikubaaqudgha
Makhleb
Nemelex Xobeh
Okawaru
Qazlal
Ru
Sif Muna
Trog
Uskayaw
Vehumet
Wu Jian
Xom
Yredelemnul
Zin
The Shining One
Jiyva
Lugonu

Shops:
D:2 =   D:3 [   D:5 [   D:11 (   Orc:2 *[*[   Shoals:1 =   Shoals:3 [
Snake:1 !?(   Vaults:1 ?(*   Vaults:4 (*   Vaults:5 (   Depths:4 **:==*?*

Portals:
Hell: Depths:1 Depths:2 Depths:3 Depths:4
Abyss: Lair:6
Pandemonium: Depths:2 Depths:4
Ziggurat: Depths:1

Annotations:
D:9 1 transporter
Crypt:2 3 runed translucent doors, Jetyrhek's ghost, veteran GrEE


Innate Abilities, Weirdness & Mutations

You have a pair of horns on your head.
You reflexively headbutt those who attack you in melee.


Message History

That felt strangely unrewarding.
The golden flame engulfs the troll!!
The troll is almost dead.
The golden flame engulfs the deep troll!
The deep troll is lightly wounded.
The golden flame engulfs the stone giant!!!
The stone giant is heavily wounded.
The golden flame engulfs the cyclops!!
The cyclops is moderately wounded.
You block the deep troll's attack. x3; The troll misses you.
You furiously retaliate!
You headbutt the troll!
You kill the troll!
That felt strangely unrewarding.
You block the stone giant's attack. You block the iron troll's attack.
The iron troll claws you but does no damage. x2
The deep troll bites you!
The deep troll claws you but does no damage.
The deep troll barely misses you.
Unknown command.
Activating: Cleansing Flame (1% risk of failure)
Press: ? - help, Dir - look around, f - activate The golden flame engulfs you but does no damage.
You resist.
The golden flame engulfs the iron troll.
The iron troll is moderately wounded.
The golden flame engulfs the cyclops!!
The cyclops is severely wounded.
The golden flame engulfs the deep troll!!
The deep troll is moderately wounded.
The golden flame engulfs the stone giant!!
The stone giant is almost dead.
You block the stone giant's attack. The cyclops closely misses you.
You block the deep troll's attack. The deep troll claws you!
You block the deep troll's attack. The iron troll bites you!!
* * * LOW HITPOINT WARNING * * *
The iron troll claws you!
* * * LOW HITPOINT WARNING * * *
The iron troll claws you!!
* * * LOW HITPOINT WARNING * * *
The stone giant hits you!
You die...

§§≈§≈≈§..#####
§≈§§§§≈..##..## ..#
§§≈≈§§§.##....#####..#
.§≈.....'......#..(..#
.§....§.#......#.....#
........##....##((...#
..≈§§§...##..##≈≈§..##
.§≈≈≈≈≈..†####.T≈§...#
..≈§.......†...C@(§≈.#
.≈§§............TC...#
.≈..............#....#
§≈..................##
§≈≈.............#'#...
§≈≈§...........##.#####
.≈≈§...#'#....## ..
.≈.§..##.##...# .##
§.....# . .


You could see an iron troll (berserk), a stone giant (berserk), a deep troll
(berserk) and a cyclops (berserk).

Vanquished Creatures
  A dread lich (Vaults:5)
  2 ancient liches
  Boris (twice) (Vaults:2 Crypt:3)
  Sojobo (Crypt:1)
  Frederick (Vaults:1)
  Geryon (Hell)
  4 golden dragons
  2 bone dragons
  Jory (Crypt:2)
  3 doom hounds
  2 Brimstone Fiends
  Jorgrun (Orc:1)
  2 hellephants
  3 tentacled monstrosities
  3 searing wretches
  2 liches
  Asterion (Vaults:1)
  A quicksilver dragon (Vaults:5)
  A walking divine tome (Depths:4)
  2 deep elf blademasters (Elf:3)
  2 deep elf master archers (Elf:3)
  2 shard shrike skeletons (Crypt:3)
  An Executioner (Abyss:2)
  3 titans
  6 ancient champions
  10 storm dragons
  11 sphinxes
  A tentacled starspawn (Abyss:2)
  5 shadow dragons
  Kirke (D:12)
  10 tengu reavers
  Donald (Crypt:2)
  6 nagarajas
  Ilsuiw (Shoals:3)
  A draconian knight (Vaults:1)
  17 fire giants
  14 vault wardens
  10 frost giants
  2 orc warlords
  A revenant (Crypt:3)
  A caustic shrike zombie (Crypt:1)
  2 deep elf elementalists (Elf:3)
  5 deep elf sorcerers (Elf:3)
  An iron dragon (Depths:4)
  10 balrugs
  Aizul (Snake:4)
  14 ghouls
  3 curse skulls
  18 ironbound preservers
  2 juggernaut zombies (D:15)
  3 spriggan defenders
  A draconian shifter (Depths:4)
  6 war gargoyles
  27 very ugly things
  28 stone giants
  3 juggernaut skeletons
  4 reapers (Hell)
  7 ironbound thunderhulks
  A green draconian (Depths:4)
  8 deep elf demonologists
  Nessos (Orc:2)
  11 dire elephants
  9 vampire knights
  A black draconian (Depths:4)
  A white draconian (Depths:4)
  A wendigo (Hell)
  3 purple draconians (Depths:4)
  2 lorocyprocas (Hell)
  12 deep elf annihilators
  7 spark wasps
  2 red draconians (Depths:4)
  A blizzard demon (Depths:2)
  6 deep elf death magi
  10 jiangshi
  6 fire dragons
  4 eidola
  An iron golem (Hell)
  5 deep elf high priests
  3 merfolk javelineers
  Snorg (Orc:1)
  9 ettins
  8 merfolk impalers
  8 yaktaur captains
  Fannar (Lair:3)
  5 great orbs of eyes
  32 vault guards
  3 spriggan air magi
  5 ice dragons
  5 ironbound frosthearts
  2 hell beasts
  A quicksilver dragon skeleton (Depths:3)
  6 salamander tyrants
  2 rakshasas
  A merfolk avatar (Shoals:3)
  16 naga warriors
  4 ogre magi (Vaults:5)
  A catoblepas (Lair:3)
  A peacekeeper (Vaults:4)
  A spriggan skeleton (Crypt:3)
  7 boulder beetles
  12 hydras
  2 death knights
  5 anacondas
  3 stokers
  9 centaur warriors
  An alligator snapping turtle (Shoals:1)
  29 dancing weapons
  9 merfolk aquamancers
  5 vampire magi
  10 death yaks (Lair:3)
  2 tengu warriors
  8 spriggan berserkers
  2 deep troll earth magi
  5 deep troll shamans
  13 two-headed ogres
  2 satyrs
  29 hell hogs
  7 sun demons (Hell)
  5 shock serpents
  5 orc high priests (Orc:2)
  6 thrashing horrors
  15 deep elf knights
  Urug (Orc:2)
  Nergalle (Orc:1)
  20 hell knights
  7 soul eaters
  13 naga sharpshooters
  11 iron trolls
  24 skeletal warriors
  4 wretched stars (Abyss:2)
  A quicksilver dragon simulacrum (Vaults:3)
  A storm dragon skeleton (Depths:3)
  A deep troll (shapeshifter) (Vaults:5)
  16 sea snakes
  6 flayed ghosts
  4 salamander mystics
  3 glowing orange brains
  2 shadow wraiths
  13 deep elf archers
  63 deep trolls
  5 bog bodies
  13 harpies
  11 phantasmal warriors
  4 naga ritualists
  10 wizards
  14 lindwurms
  7 mana vipers
  2 golden dragon skeletons
  Pikel (D:7)
  13 necromancers
  18 orc knights
  19 ironbound convokers
  24 deep elf zephyrmancers
  2 tengu skeletons
  5 orc sorcerers
  A stone giant zombie (D:15)
  A harpy (shapeshifter) (D:15)
  52 ugly things
  A sphinx skeleton (Depths:3)
  29 deep elf pyromancers
  13 manticores
  11 salamanders
  13 fauns
  A worldbinder (Abyss:2)
  2 oklob plants (Lair:6)
  An iron dragon skeleton (D:15)
  A shining eye (shapeshifter) (Vaults:5)
  A shadow dragon skeleton (Depths:3)
  6 elephants (Lair:5)
  31 cyclopes
  Maurice (D:13)
  28 black mambas
  12 merfolk sirens
  3 rust devils (Hell)
  An apocalypse crab (Abyss:2)
  A storm dragon simulacrum (Hell)
  A guardian serpent (shapeshifter) (Lair:6)
  2 guardian serpents (Snake:4)
  6 water nymphs
  14 vault sentinels
  11 cane toads
  A frost giant skeleton (Vaults:5)
  4 smoke demons
  3 molten gargoyles (Hell)
  A torpor snail (shapeshifter) (D:13)
  17 naga magi
  A water nymph (shapeshifter) (Elf:2)
  5 rime drakes
  6 large abominations
  3 hellions
  4 komodo dragons
  A black draconian zombie (Crypt:3)
  A kobold demonologist (D:5)
  An orb spider zombie (Crypt:3)
  An iron troll zombie (Crypt:1)
  4 freezing wraiths
  2 anaconda simulacra (Hell)
  12 yaktaurs
  A black draconian skeleton (Crypt:1)
  4 tengu conjurers
  A harpy zombie (D:14)
  A guardian mummy (D:15)
  An ancient zyme (Lair:6)
  5 hornets
  6 trolls
  42 merfolk
  15 polar bears
  2 hydra zombies
  A harpy skeleton (Hell)
  4 wind drakes
  2 spriggan zombies
  A blink frog (shapeshifter) (Elf:1)
  A shadow dragon simulacrum (Hell)
  2 tarantellas (shapeshifter)
  27 slime creatures
  25 dream sheep
  20 blink frogs
  An ettin zombie (Vaults:3)
  3 raiju (Abyss:2)
  26 water elementals
  9 flying skulls
  A satyr skeleton (Crypt:3)
  5 snapping turtles
  3 spriggans
  5 air elementals
  A guardian serpent skeleton (Crypt:3)
  Sigmund (D:3)
  6 wraiths
  A black mamba skeleton (Hell)
  3 shadows
  A dire elephant simulacrum (Hell)
  8 basilisks
  6 wyverns
  A ynoxinul (Abyss:2)
  23 yaks
  6 fire elementals
  3 hogs (D:12)
  A fire dragon skeleton (Crypt:1)
  2 fire bats
  A hog (shapeshifter) (Abyss:2)
  2 chaos spawn (Lair:6)
  12 vampire mosquitoes
  A human simulacrum (Vaults:5)
  2 harpy simulacra (Hell)
  51 nagas
  A merfolk zombie (Crypt:2)
  2 wargs
  A demonspawn zombie (Crypt:3)
  Duvessa (D:7)
  9 hell hounds
  A floating eye (shapeshifter) (Lair:6)
  A water moccasin (shapeshifter) (Lair:6)
  11 water moccasins
  3 floating eyes
  A swamp drake (shapeshifter) (Depths:1)
  An ice beast (D:6)
  2 deep troll skeletons
  17 black bears
  2 hornet zombies (D:14)
  An ettin simulacrum (Depths:1)
  49 orc warriors
  A sky beast (D:6)
  21 ogres
  11 wolves
  6 necrophages
  15 centaurs
  3 lemures (D:7)
  A phantom (D:4)
  An octopode zombie (Crypt:2)
  A gnoll sergeant (D:12)
  2 human skeletons
  12 small abominations
  A draconian zombie (Crypt:2)
  16 bullfrogs
  A scorpion (D:6)
  A yaktaur skeleton (Crypt:1)
  4 earth elementals
  A yak zombie (Crypt:1)
  Dowan (D:7)
  A water moccasin skeleton (D:5)
  A troll zombie (Crypt:2)
  A polar bear zombie (Crypt:3)
  6 killer bees (D:6)
  2 electric eels (D:9)
  5 wights (D:7)
  2 howler monkeys
  A raiju skeleton (Crypt:1)
  5 hounds
  2 jellies
  9 centaur zombies
  4 human zombies
  2 bullfrog zombies (D:6)
  34 orc priests
  2 centaur skeletons
  A gnoll shaman (D:7)
  2 bullfrog skeletons (D:5)
  22 orc wizards
  Terence (D:3)
  5 iguanas
  A demigod zombie (Crypt:2)
  A demigod skeleton (Crypt:3)
  A hound zombie (D:5)
  An ogre skeleton (Crypt:3)
  4 mummies (Ossuary)
  2 howler monkey zombies
  32 gnolls
  7 adders
  2 howler monkey skeletons
  A white imp (Vaults:4)
  2 ufetubi
  A worm (D:2)
  5 dart slugs
  118 orcs
  12 ball pythons
  2 bats
  8 endoplasms
  5 giant cockroaches
  6 hobgoblins
  13 jackals (D:5)
  3 quokkas
  A dart slug zombie (Crypt:3)
  A frilled lizard (D:2)
  A giant cockroach zombie (Crypt:1)
  5 goblins
  A goblin zombie (Ossuary)
  A hobgoblin skeleton (Crypt:2)
  A jackal skeleton (Crypt:2)
  5 kobolds
  A kobold zombie (Ossuary)
  An orc zombie (Ossuary)
  A quokka skeleton (D:4)
  4 rats
  A rat skeleton (Crypt:2)
  13 fire vortices
  2 fungi (Elf:3)
  A starspawn tentacle (Abyss:2)
2248 creatures vanquished.

Vanquished Creatures (collateral kills)
  A dread lich (Crypt:3)
  An ancient lich (Crypt:3)
  The ghost of Mayja the Impregnable, a veteran DDBe of Trog (Elf:3)
  A titan (Vaults:5)
  A tengu reaver (Vaults:1)
  The ghost of Razfen the Cruncher, an adept GnWn of Ashenzari (Snake:3)
  A salamander tyrant (Snake:3)
  3 dancing weapons (Elf:2)
  A shock serpent (Snake:3)
  An alligator snapping turtle (Shoals:4)
  A naga sharpshooter (Snake:3)
  A skeletal warrior (D:15)
  A deep elf zephyrmancer (Elf:2)
  A cyclops (Crypt:3)
  A manticore (Shoals:1)
  A spriggan (Depths:4)
  A black bear (Crypt:3)
19 creatures vanquished.

Vanquished Creatures (others)
  A balrug (Geh:3)
  A shard shrike simulacrum (Hell)
  A jiangshi (Crypt:3)
  An ice dragon (Depths:3)
  2 deep elf knights (Elf:1)
  A flayed ghost (Crypt:3)
  A deep elf zephyrmancer (Elf:2)
  A deep elf pyromancer (Elf:1)
  A manticore (Shoals:3)
  A salamander (Snake:4)
  A merfolk siren (Shoals:4)
  An anaconda simulacrum (Hell)
  A dire elephant simulacrum (Hell)
  A golden eye (Abyss:2)
  A small abomination (Abyss:2)
  A creeping inferno (Geh:4)
  A fire vortex (Geh:3)
  69 fungi
  91 plants
  2 starspawn tentacles (Abyss:2)
  4 toadstools (Depths:2)
  3 withered plants
187 creatures vanquished.

Grand Total: 2454 creatures vanquished

Notes
Turn   | Place    | Note
-------+----------+-------------------------------------------
     0 | D:1      | LLlMATKO the Minotaur Berserker began the quest for the
                  | Orb.
     0 | D:1      | Reached XP level 1. HP: 19/19 MP: 0/0
   197 | D:1      | Reached XP level 2. HP: 22/27 MP: 1/1
   709 | D:2      | Reached skill level 4 in Fighting
   709 | D:2      | Reached XP level 3. HP: 33/33 MP: 2/2
   761 | D:2      | Found Amiwere's One-of-a-Kind Rings.
   788 | D:2      | Found a faded altar of an unknown god.
   886 | D:2      | Reached ** piety under Trog
  1202 | D:2      | You fall into a shaft and drop 1 floor!
  1513 | D:3      | Found an opulent altar of Gozag.
  1597 | D:3      | Reached XP level 4. HP: 41/41 MP: 3/3
  1654 | D:3      | Found Duutetz's Armour Shoppe.
  1894 | D:3      | Noticed Terence
  1900 | D:3      | Killed Terence
  2003 | D:3      | Noticed Sigmund
  2020 | D:3      | Killed Sigmund
  2021 | D:3      | Reached skill level 5 in Fighting
  2021 | D:3      | Reached skill level 5 in Axes
  2021 | D:3      | Reached XP level 5. HP: 26/48 MP: 4/4
  2244 | D:4      | Noticed a phantom
  2253 | D:4      | Killed a phantom
  2254 | D:4      | Reached XP level 6. HP: 56/56 MP: 5/5
  2356 | D:4      | Found a sand-covered staircase.
  2361 | Ossuary  | Entered an ossuary
  2811 | Ossuary  | Reached skill level 5 in Armour
  2811 | Ossuary  | Reached XP level 7. HP: 62/62 MP: 6/6
  2999 | D:4      | Reached skill level 6 in Fighting
  3458 | D:5      | Entered Level 5 of the Dungeon
  3467 | D:4      | Reached skill level 5 in Dodging
  3533 | D:5      | Reached *** piety under Trog
  3567 | D:5      | Found a staircase to the Ecumenical Temple.
  3691 | D:5      | Reached skill level 1 in Crossbows
  3691 | D:5      | Reached XP level 8. HP: 70/71 MP: 7/7
  4320 | D:5      | Reached skill level 7 in Fighting
  4527 | D:5      | Reached **** piety under Trog
  4815 | D:5      | Noticed a kobold demonologist
  4829 | D:5      | Noticed a soul eater
  4833 | D:5      | Killed a kobold demonologist
  5144 | D:5      | Found Omettero's Antique Armour Shoppe.
  5152 | D:5      | Bought a pair of slimy boots for 218 gold pieces
  5152 | D:5      | Identified the +4 pair of boots of Quantum Leap {Int+7}
                  | (You bought it in a shop on level 5 of the Dungeon)
  5473 | D:6      | Reached skill level 5 in Crossbows
  5475 | D:6      | Reached XP level 9. HP: 80/80 MP: 8/8
  5550 | D:6      | Identified 2 scrolls of acquirement
  5550 | D:6      | Acquired an amulet of guardian spirit
  5551 | D:6      | Acquired a manual of Axes
  5788 | D:6      | Reached skill level 8 in Fighting
  6083 | D:6      | Noticed a two-headed ogre
  6092 | D:6      | Killed a two-headed ogre
  6747 | D:7      | Reached XP level 10. HP: 90/90 MP: 9/9
  6748 | D:7      | Reached skill level 10 in Axes
  6752 | D:7      | Reached skill level 9 in Fighting
  7091 | D:7      | Noticed Pikel
  7106 | D:7      | Killed Pikel
  7120 | D:7      | Noticed Duvessa
  7122 | D:7      | Noticed Dowan
  7127 | D:7      | Killed Dowan
  7127 | D:7      | Reached ***** piety under Trog
  7130 | D:7      | Killed Duvessa
  8414 | D:9      | Found a transporter.
  8416 | D:9      | Found a transporter.
  8464 | D:9      | Found a flagged portal.
  8468 | D:9      | Received a gift from Trog
  8538 | Bailey   | Entered a bailey
  9671 | Bailey   | Noticed an orc knight
  9671 | Bailey   | Noticed an orc knight
  9683 | Bailey   | Killed an orc knight
  9684 | Bailey   | Reached skill level 10 in Fighting
  9687 | Bailey   | Killed an orc knight
  9688 | Bailey   | Reached skill level 10 in Crossbows
  9838 | D:9      | Found a transporter.
  9841 | D:9      | Found a transporter.
  9907 | D:9      | Reached XP level 11. HP: 93/100 MP: 8/10
 10093 | D:9      | Noticed a two-headed ogre
 10096 | D:9      | Reached skill level 10 in Armour
 10098 | D:9      | Noticed a two-headed ogre
 10106 | D:9      | Killed a two-headed ogre
 10385 | D:9      | Killed a two-headed ogre
 10573 | D:9      | Found a transporter.
 10575 | D:9      | Found a transporter.
 10606 | D:9      | Found a staircase to the Lair.
 10875 | D:10     | Entered Level 10 of the Dungeon
 11478 | D:10     | Noticed a two-headed ogre
 11483 | D:10     | Noticed a death knight
 11874 | D:10     | Found a radiant altar of Vehumet.
 12283 | D:10     | Killed a two-headed ogre
 12284 | D:10     | Reached skill level 11 in Fighting
 12403 | D:10     | Killed a death knight
 12730 | D:10     | Found a radiant altar of Vehumet.
 13454 | D:11     | Found a staircase to the Orcish Mines.
 13608 | D:11     | Noticed a six-headed hydra
 13620 | D:11     | Killed a six-headed hydra
 13851 | D:11     | Noticed a boulder beetle
 13866 | D:11     | Killed a boulder beetle
 13867 | D:11     | Reached skill level 10 in Dodging
 13989 | D:11     | Noticed a two-headed ogre
 14003 | D:11     | Killed a two-headed ogre
 14137 | D:11     | Found Egaovaug's Hydra Hut.
 14194 | D:11     | Noticed a five-headed hydra
 14201 | D:11     | Bought a +1 hand crossbow of freezing for 226 gold pieces
 14426 | D:11     | Found Egaovaug's Hydra Hut.
 14481 | D:11     | Found a staircase to the Orcish Mines.
 14586 | D:12     | Noticed a two-headed ogre
 14597 | D:12     | Killed a two-headed ogre
 14598 | D:12     | Reached XP level 12. HP: 89/110 MP: 4/11
 14988 | D:12     | Noticed a five-headed hydra
 15002 | D:12     | Killed a five-headed hydra
 15633 | D:12     | Noticed Kirke
 15641 | D:12     | Reached skill level 1 in Shields
 15652 | D:12     | Killed Kirke
 15940 | D:12     | Reached skill level 12 in Fighting
 16608 | D:3      | Bought the +0 pair of gloves "Cufafuil" {rElec} for 240
                  | gold pieces
 16888 | D:12     | Noticed a centaur warrior
 16909 | D:11     | Reached skill level 15 in Axes
 16967 | D:12     | Killed a centaur warrior
 17089 | D:13     | Noticed a boulder beetle
 17089 | D:13     | Noticed a two-headed ogre
 17101 | D:12     | Killed a two-headed ogre
 17102 | D:12     | Killed a boulder beetle
 17290 | D:13     | Noticed a boulder beetle
 17308 | D:13     | Killed a boulder beetle
 17501 | D:13     | Noticed a centaur warrior
 17508 | D:13     | Killed a centaur warrior
 17793 | D:13     | Noticed a four-headed hydra
 17971 | D:13     | Noticed Maurice
 17986 | D:13     | Killed Maurice
 18044 | D:13     | Killed a four-headed hydra
 18143 | D:13     | Noticed a centaur warrior
 18168 | D:13     | Killed a centaur warrior
 18180 | D:13     | Reached XP level 13. HP: 97/119 MP: 12/12
 18398 | D:13     | Found a gate to the Vaults.
 18398 | D:13     | Noticed an ironbound preserver
 18410 | D:13     | Reached skill level 5 in Shields
 18413 | D:13     | Killed an ironbound preserver
 19176 | Lair:1   | Entered Level 1 of the Lair of Beasts
 19819 | Lair:1   | Found a stormy altar of Qazlal.
 19825 | Lair:1   | Reached skill level 13 in Fighting
 20920 | Lair:2   | Found a staircase to the Shoals.
 21598 | Lair:2   | Found a staircase to the Shoals.
 22732 | Lair:3   | Noticed Fannar
 22742 | Lair:3   | Killed Fannar
 23491 | Lair:4   | Reached XP level 14. HP: 118/130 MP: 10/13
 23872 | Lair:4   | Found a staircase to the Snake Pit.
 23931 | Lair:4   | You fall into a shaft and drop 1 floor!
 24541 | Lair:5   | Reached skill level 14 in Fighting
 24724 | Lair:5   | Found a viscous altar of Jiyva.
 24724 | Lair:5   | Found a staircase to the Slime Pits.
 25475 | Lair:5   | Found a viscous altar of Jiyva.
 25475 | Lair:5   | Found a staircase to the Slime Pits.
 25951 | Lair:6   | Entered Level 6 of the Lair of Beasts
 28470 | Lair:6   | Received a gift from Trog
 28712 | Lair:6   | Found a corrupted altar of Lugonu.
 28717 | Lair:6   | Found a one-way gate to the infinite horrors of the Abyss.
 29339 | D:14     | Reached XP level 15. HP: 131/139 MP: 12/14
 30216 | D:14     | Reached skill level 15 in Fighting
 30361 | D:14     | Reached skill level 10 in Shields
 30551 | D:15     | Entered Level 15 of the Dungeon
 30764 | D:15     | Reached skill level 15 in Armour
 31794 | D:15     | Found a staircase to the Depths.
 31805 | D:15     | Received a gift from Trog
 32631 | Orc:1    | Entered Level 1 of the Orcish Mines
 32800 | Orc:1    | Paralysed by a floating eye for 3 turns
 32805 | Orc:1    | Paralysed by a floating eye for 4 turns
 32852 | Orc:1    | Paralysed by an orc sorcerer for 3 turns
 33068 | Orc:1    | Noticed Nergalle
 33081 | Orc:1    | Killed Nergalle
 33148 | Orc:1    | Noticed Snorg
 33153 | Orc:1    | Noticed Jorgrun
 33156 | Orc:1    | Killed Snorg
 33167 | Orc:1    | Killed Jorgrun
 33517 | Orc:2    | Entered Level 2 of the Orcish Mines
 33560 | Orc:2    | Found a staircase to the Elven Halls.
 33566 | Orc:2    | Paralysed by an orc sorcerer for 5 turns
 33583 | Orc:2    | Paralysed by an orc sorcerer for 7 turns
 33680 | Orc:2    | Received a gift from Trog
 34010 | Orc:2    | Noticed Urug
 34023 | Orc:2    | Killed Urug
 34555 | Orc:2    | Noticed Nessos
 34571 | Orc:2    | Killed Nessos
 34822 | Orc:2    | Reached skill level 16 in Fighting
 34826 | Orc:2    | Received a gift from Trog
 35283 | Orc:2    | Reached XP level 16. HP: 87/151 MP: 8/15
 35879 | Orc:2    | Found Waefe Siumoo's Assorted Antiques.
 35879 | Orc:2    | Found Matroteo's Armour Shop.
 35880 | Orc:2    | Found Qozieh's Assorted Antiques.
 35880 | Orc:2    | Found Quczacar's Armour Boutique.
 36138 | Snake:1  | Entered Level 1 of the Snake Pit
 36206 | Snake:1  | Found Siezybba's Firing Range.
 36482 | Snake:1  | Found Ujudetoa's Magic Scroll Shoppe.
 36488 | Snake:1  | Found Zuipt's Distillery.
 36869 | Snake:1  | Found a broken altar of Ashenzari.
 38026 | Snake:2  | Reached skill level 15 in Dodging
 39434 | Snake:3  | Found a transporter.
 39434 | Snake:3  | Noticed Razfen's ghost (adept GnWn)
 39439 | Snake:3  | Found a transporter.
 40298 | Snake:3  | Received a gift from Trog
 40309 | Snake:3  | Killed Razfen's ghost
 40445 | Snake:4  | Entered Level 4 of the Snake Pit
 40662 | Snake:4  | Reached skill level 17 in Fighting
 41202 | Snake:4  | Reached XP level 17. HP: 72/161 MP: 7/16
 41907 | D:2      | Bought the ring of Wedgha {rC+ rN+ Will+} for 585 gold
                  | pieces
 43119 | Snake:4  | Noticed Aizul
 43145 | Snake:4  | Killed Aizul
 45426 | Snake:4  | Got a serpentine rune of Zot
 45757 | Shoals:1 | Entered Level 1 of the Shoals
 46575 | Shoals:1 | Found Vummeteaph's Jewellery Shop.
 47546 | Shoals:2 | Received a gift from Trog
 48114 | Shoals:2 | Reached skill level 18 in Fighting
 48152 | Shoals:1 | Bought an amulet of reflection for 570 gold pieces
 49246 | Shoals:3 | Found Evoojeb's Antique Armour Shop.
 49641 | Shoals:3 | Noticed Ilsuiw
 49695 | Shoals:3 | Killed Ilsuiw
 50806 | Shoals:4 | Entered Level 4 of the Shoals
 51067 | Shoals:4 | Received a gift from Trog
 51547 | Shoals:4 | Reached XP level 18. HP: 173/173 MP: 17/17
 51926 | Shoals:4 | Reached skill level 15 in Shields
 51928 | Shoals:4 | Got a barnacled rune of Zot
 52746 | Shoals:4 | Identified the +2 robe of Objectivity {rPois rF++ Slay+2}
 53465 | Shoals:4 | Reached skill level 19 in Fighting
 54365 | Elf:1    | Entered Level 1 of the Elven Halls
 54478 | Vaults:1 | Entered Level 1 of the Vaults
 54994 | Vaults:1 | Received a gift from Trog
 55885 | Vaults:1 | Noticed Frederick
 55888 | Vaults:1 | Noticed Asterion
 55902 | Vaults:1 | Killed Frederick
 55906 | Vaults:1 | Killed Asterion
 56179 | Vaults:1 | Found Owiwic's Antique Weapon Boutique.
 56359 | Vaults:1 | Found Dus Nek's Magic Scroll Shop.
 56392 | Vaults:1 | Acquired a manual of Axes
 56664 | Vaults:1 | Reached XP level 19. HP: 164/184 MP: 18/18
 56889 | Vaults:1 | Found Ucuutui's Assorted Antiques.
 57182 | Vaults:2 | Reached skill level 1 in Evocations
 57396 | Vaults:2 | Received a gift from Trog
 58541 | Vaults:2 | Noticed Boris
 58568 | Vaults:2 | Killed Boris
 58678 | Vaults:2 | Found a staircase to the Crypt.
 58678 | Vaults:2 | Found an ancient bone altar of Kikubaaqudgha.
 58713 | Vaults:2 | Reached skill level 20 in Fighting
 58783 | Vaults:2 | Found a basalt altar of Yredelemnul.
 59998 | Vaults:3 | Reached ****** piety under Trog
 60729 | Vaults:3 | Received a gift from Trog
 61556 | Vaults:3 | Reached skill level 5 in Evocations
 61914 | Vaults:4 | Reached XP level 20. HP: 165/193 MP: 19/19
 62468 | Vaults:4 | Received a gift from Trog
 62839 | Vaults:4 | Found Wuogg's General Store.
 63434 | Vaults:4 | Found Laopsi's Weapon Emporium.
 65697 | Elf:1    | Received a gift from Trog
 65704 | Elf:1    | Paralysed by an air elemental for 1 turns
 67385 | Elf:2    | Received a gift from Trog
 67459 | Elf:2    | Paralysed by an air elemental for 1 turns
 67842 | Elf:2    | Paralysed by an air elemental for 1 turns
 68136 | Elf:2    | Found a runed translucent gate.
 68136 | Elf:2    | Found a runed translucent gate.
 68136 | Elf:2    | Found a runed translucent gate.
 68269 | Elf:2    | Reached XP level 21. HP: 125/201 MP: 20/20
 68671 | Elf:2    | Received a gift from Trog
 68671 | Elf:2    | Found the +7 Singing Sword {vorpal, sonic wave}
 69361 | Elf:3    | Entered Level 3 of the Elven Halls
 70211 | Elf:3    | Found a runed translucent door.
 70215 | Elf:3    | Noticed Mayja's ghost (veteran DDBe)
 70256 | Elf:3    | Killed Mayja's ghost
 71544 | Elf:3    | Received a gift from Trog
 71707 | Elf:3    | Identified the amulet "Feaxkew" {Acrobat rCorr Str-2 Int+3}
 71805 | Elf:3    | Identified the +10 war axe of Agony {elec, rC+ Str+2 Int+2}
 71908 | Elf:3    | Paralysed by an air elemental for 1 turns
 71912 | Elf:3    | Paralysed by an air elemental for 1 turns
 72407 | Elf:3    | Identified the ring of the Heavens {rElec Str+4 SInv}
 72557 | Elf:3    | Found the +8 storm bow {elec, penet}
 72609 | Elf:3    | Identified the ring of Finality {rC+ SInv Stlth+}
 72616 | Elf:3    | Identified the +4 hunting sling of the Fool {venom, Int+2
                  | Dex-2 Stlth+}
 72633 | Elf:3    | Identified the +7 arbalest "Riuz" {venom, rPois Dex+2}
 73241 | Vaults:5 | Entered Level 5 of the Vaults
 73983 | D:3      | Bought the +8 plate armour of Symmuz {rF+ MP+9 Str+3} for
                  | 1319 gold pieces
 74902 | Vaults:5 | Reached skill level 21 in Fighting
 75760 | Vaults:5 | Identified the +5 whip of Pijojur {flame, rElec rPois rC-
                  | Int+3}
 75810 | Vaults:5 | Received a gift from Trog
 75854 | Vaults:5 | Reached skill level 10 in Evocations
 75869 | Vaults:5 | Noticed a golden dragon
 75890 | Vaults:5 | Killed a golden dragon
 76353 | Vaults:5 | Reached XP level 22. HP: 212/213 MP: 21/21
 76367 | Vaults:5 | Found the +8 lance "Wyrmbane" {slay drac, rPois rF+ rC+
                  | AC+3}
 76371 | Vaults:5 | Identified the +6 scale mail of Makhleb's Envy {Rampage rF-
                  | rCorr}
 76599 | Vaults:5 | Identified the ring of Wefan {Wiz rF+ MP+9 Dex+3}
 77033 | Vaults:5 | Noticed a golden dragon
 77044 | Vaults:5 | Killed a golden dragon
 77069 | Vaults:5 | Reached skill level 22 in Fighting
 77301 | Vaults:5 | Noticed a dread lich
 77316 | Vaults:5 | Killed a dread lich
 77746 | Vaults:5 | Got a silver rune of Zot
 77928 | Vaults:5 | Found Matuas's Weapon Boutique.
 77932 | Vaults:5 | Received a gift from Trog
 78119 | Vaults:5 | Identified the +3 rapier of Utryuli {protect, Dex+6}
 78191 | Vaults:5 | Cast into level 2 of the Abyss (a deep elf demonologist)
 78193 | Abyss:2  | Found a corrupted altar of Lugonu.
 78334 | Abyss:2  | Found a sparkling altar of Nemelex Xobeh.
 78621 | Vaults:5 | Escaped the Abyss
 79379 | Vaults:5 | Found Matuas's Weapon Boutique.
 79882 | Depths:1 | Entered Level 1 of the Depths
 79950 | Depths:1 | Found a gateway to Hell.
 80010 | Depths:1 | Found a one-way gateway to a ziggurat.
 80330 | Temple   | Entered the Ecumenical Temple
 80601 | Temple   | Fell from the grace of Trog
 80601 | Temple   | Became a worshipper of the Shining One
 80913 | Crypt:1  | Entered Level 1 of the Crypt
 81068 | Crypt:1  | Reached * piety under the Shining One
 81201 | Crypt:1  | Noticed Sojobo
 81201 | Crypt:1  | Reached ** piety under the Shining One
 81210 | Crypt:1  | Reached skill level 23 in Fighting
 81221 | Crypt:1  | Paralysed by an air elemental for 1 turns
 81227 | Crypt:1  | Killed Sojobo
 81394 | Crypt:1  | Reached *** piety under the Shining One
 82295 | Crypt:1  | Reached **** piety under the Shining One
 83091 | Crypt:2  | Reached ***** piety under the Shining One
 83118 | Crypt:2  | Noticed Donald
 83177 | Crypt:2  | Noticed Jory
 83204 | Crypt:2  | Killed Jory
 83642 | Crypt:2  | Killed Donald
 83694 | Crypt:2  | Reached XP level 23. HP: 227/228 MP: 22/22
 83919 | Crypt:2  | Found a runed translucent gate.
 83920 | Crypt:2  | Found a runed translucent gate.
 83921 | Crypt:2  | Found a runed translucent gate.
 83923 | Crypt:2  | Reached ****** piety under the Shining One
 83924 | Crypt:2  | Noticed Jetyrhek's ghost (veteran GrEE)
 84334 | Crypt:3  | Entered Level 3 of the Crypt
 84334 | Crypt:3  | Found a staircase to the Tomb.
 84355 | Crypt:3  | Noticed Boris
 84389 | Crypt:3  | Killed Boris
 84390 | Crypt:3  | Reached skill level 1 in Invocations
 84589 | Crypt:3  | Reached skill level 24 in Fighting
 85346 | Crypt:3  | Noticed an ancient lich
 85347 | Crypt:3  | Noticed an ancient lich
 85347 | Crypt:3  | Noticed a dread lich
 85368 | Crypt:3  | Paralysed by a dread lich for 5 turns
 85370 | Crypt:3  | Killed a dread lich
 85372 | Crypt:3  | Killed an ancient lich
 85379 | Crypt:3  | Killed an ancient lich
 85381 | Crypt:3  | Identified the +6 morningstar "Zetucir" {spect, rElec
                  | Str+4}
 85383 | Crypt:3  | Identified the +11 war axe of Varoid {antimagic, +Blink}
 85384 | Crypt:3  | Identified the amulet "Olisuh" {Reflect rF+ rC++ Str-4
                  | Dex+4 SH+5}
 85406 | Crypt:3  | Identified the ring "Ribrugug" {rElec rPois rF++ rN+ Str-2}
 85406 | Crypt:3  | Identified the ring "Etu Pycs" {Drain rN+ Will+ Int+5}
 85410 | Crypt:3  | Got the Collected Works on Stolen Souls
 85416 | Crypt:3  | Identified the +8 war axe "Ephaps" {flame, Dex+2}
 85620 | Crypt:3  | Paralysed by Trog for 2 turns
 86224 | Depths:1 | Reached skill level 5 in Invocations
 88569 | Elf:1    | Got Sif Muna's Papyrus of Confrontation
 89785 | Depths:1 | Paralysed by Trog for 2 turns
 91178 | Depths:1 | Found a one-way gateway to a ziggurat.
 91696 | Depths:1 | Found a gateway to Hell.
 92625 | Depths:2 | Found a one-way gate leading to the halls of Pandemonium.
 92704 | Depths:2 | Reached skill level 25 in Fighting
 93097 | Depths:2 | Reached XP level 24. HP: 242/242 MP: 27/27
 93455 | Depths:2 | Identified the +6 long sword "Heujot" {flame, rF+ rC+ Will+
                  | Int-4}
 95118 | Depths:4 | Entered Level 4 of the Depths
 95118 | Depths:4 | Found Serob's Magic Scroll Shop.
 95745 | Depths:4 | Found Ovvuj's Assorted Antiques.
 95749 | Depths:4 | Found Vufof's Assorted Antiques.
 95841 | Depths:4 | Found Ciun's General Store.
 96288 | Depths:4 | Found a gate to the Realm of Zot.
 96329 | Depths:4 | Found Houdygush's Assorted Antiques.
 96803 | Depths:4 | Found Roudilex's Book Shoppe.
 96803 | Depths:4 | Found Kaevuz's Jewellery Shop.
 96804 | Depths:4 | Found Okysefraze's Jewellery Shop.
 96890 | Depths:4 | Reached skill level 10 in Invocations
 97110 | Depths:4 | Reached skill level 26 in Fighting
 97249 | Depths:4 | Found Houdygush's Assorted Antiques.
 97358 | Depths:4 | Found Roudilex's Book Shoppe.
 97358 | Depths:4 | Found Okysefraze's Jewellery Shop.
 97359 | Depths:4 | Found Kaevuz's Jewellery Shop.
 97440 | Depths:4 | Found Ciun's General Store.
 97515 | Depths:4 | Found Vufof's Assorted Antiques.
 97518 | Depths:4 | Found Ovvuj's Assorted Antiques.
 97594 | Depths:4 | Found a gate to the Realm of Zot.
 97696 | Depths:4 | Found Serob's Magic Scroll Shop.
 98270 | Vaults:4 | Identified a +9 broad axe of holy wrath (a +9 vorpal broad
                  | axe blessed by the Shining One)
 98270 | Vaults:4 | Received a gift from the Shining One
 98563 | Hell     | Entered the Vestibule of Hell
 98563 | Hell     | Noticed Geryon
 98594 | Hell     | Killed Geryon
 99148 | Hell     | Found a gateway to the Iron City of Dis.
 99254 | Hell     | Found a gateway to the freezing wastes of Cocytus.
 99280 | Hell     | Found a gateway to the decaying netherworld of Tartarus.
 99416 | Hell     | Found a gateway to the ashen valley of Gehenna.
 99495 | Hell     | Paralysed by a wendigo for 1 turns
 99618 | Geh:1    | Entered Level 1 of Gehenna
 99619 | Geh:1    | Noticed an ancient lich
 99634 | Geh:1    | Killed an ancient lich
100026 | Geh:2    | Reached XP level 25. HP: 251/255 MP: 27/27
100098 | Geh:2    | Reached skill level 27 in Fighting
101981 | Geh:4    | Slain by a stone giant

Illustrated notes

Levels and vault maps discovered:
D:1:      minmay_arrival_arboretum_small, layout_basic, minmay_fountain_box,
          minmay_shallow_snake_nest
D:2:      layout_loops_cross, ebering_ecumenical_altar_sacrificial,
          nicolae_shop_unique_rings, palyth_stone_intersect
D:3:      layout_loops_ring, general_overflow_altar, serial_shops,
          nicolae_shop_behind_doors, minmay_misc_feat_cross, uniq_terence,
          uniq_sigmund
D:4:      layout_cave_pools, enter_ossuary_2, st_stairs_11, kennysheep_potato
D:5:      lemuel_castle_with_subvaults [lemuel_castle_interior_original],
          layout_basic, minmay_temple_entry_glass, serial_shops, shop
D:6:      layout_loops_ring, hangedman_abyss_or_decor_stabs
D:7:      layout_loops_ring, uniq_duvessa, uniq_pikel
D:8:      layout_basic
D:9:      layout_rooms, erik_lair_island, enter_bailey_4,
          chequers_serial_rivers_large_a, minmay_misc_feat_plants,
          serial_nicolae_subway, nicolae_sub_station_stone,
          nicolae_sub_station_metal, nicolae_sub_station_crystal
D:10:     layout_stronghold, minmay_ruined_shrine
D:11:     layout_cave_pools, orc_0_dummy, doesnt_shop_hydraphobe
D:12:     layout_roguey, uniq_kirke
D:13:     layout_loops_corners, skrybe_vaults_entry_preservation, uniq_maurice
D:14:     layout_roguey, dk_noncrumbling_4, serial_undead, serial_undead_c,
          serial_undead_e, serial_undead_a, serial_undead_c,
          lemuel_flamethrower_hall
D:15:     gammafunk_depths_entry_grave, layout_loops_ring, chequers_avenue
Temple:   nicolae_temple_the_god_donut
Lair:1:   layout_hall_layers, basic_altar
Lair:2:   layout_roguey, elwin_shoals_entry_stream,
          nicolae_quartered_pool_little, st_stairs_10
Lair:3:   layout_loops_ring, serial_bayou_shore_b, infiniplex_staircase_pool_2,
          uniq_fannar
Lair:4:   layout_gridlike, guppyfry_snake_entry_island
Lair:5:   layout_long_grid, slime_altar_1, grunt_megastairs_4
Lair:6:   hellmonk_lair_end_abyssal_woods, layout_cave_pods, grunt_megastairs_1
Shoals:1: layout_shoals, serial_shops, nicolae_shop_stone,
          nicolae_shoals_circle_sea_wall
Shoals:2: layout_shoals, nicolae_shoals_dead_sea_scrolls
Shoals:3: layout_shoals, serial_shops, nicolae_stop_n_shop_1,
          nicolae_shoals_loop_pool, uniq_ilsuiw
Shoals:4: shoals_end_simple, layout_shoals, nicolae_shoals_wave_tunnel
Snake:1:  layout_rooms, basic_altar, nicolae_shop_firing_range,
          minmay_shop_star, grunt_megastairs_2, serial_bayou_shore_b
Snake:2:  layout_grid_shapes
Snake:3:  layout_misc_corridors, gammafunk_ghost_arena
Snake:4:  snake_pit, layout_cave_town, uniq_aizul
Orc:1:    hellmonk_paralyzer, layout_diamond_mine, uniq_snorg, uniq_jorgrun,
          uniq_nergalle
Orc:2:    st_orc_pillars, layout_diamond_mine, uniq_nessos, uniq_urug
Elf:1:    nicolae_elf_arrival_fired_up, layout_rooms, minmay_elf_annihilation
Elf:2:    nicolae_elf_blades_splatter_lattice
          [nicolae_blade_entry_hurt_lockers], layout_loops_cross
Elf:3:    elf_hall, layout_geoelf_castle, ebering_ghost_inner_flame,
          minmay_misc_feat_diagonals, nrook_mini_backslash
Vaults:1: nicolae_vaults_theta, sword_in_stone, vaults_mumra_hex,
          grunt_vaults_focal, ontoclasm_vaults_eye,
          ontoclasm_vaults_decontamination, ontoclasm_vaults_chip,
          nicolae_vaults_little_squares_4, layout_vaults_quadrants,
          serial_shops, shop, shop, nicolae_shop_waterfront
Vaults:2: hangedman_vaults_nodes, vaults_room_grid, v_misc_30,
          nicolae_vaults_little_squares_2, minmay_crypt_entry_necro_gods,
          grunt_vaults_twisty, nicolae_vaults_puzzle_piece,
          hangedman_vaults_cutoff, ontoclasm_vaults_chip,
          layout_vaults_omnicross, uniq_boris
Vaults:3: nicolae_vaults_asterisk, v_misc_1, v_misc_26, v_misc_2, v_misc_1,
          hangedman_vaults_river_flow, vaults_dpeg_cross,
          hangedman_vaults_corner, layout_vaults_big_room
Vaults:4: st_octagons_1, v_misc_10, hangedman_vaults_pinch,
          vaults_mumra_minichess, ontoclasm_vaults_claustrophobia,
          ontoclasm_vaults_hangar, nicolae_vaults_ring_of_whatevers,
          vaults_mumra_minichess_inversion, hangedman_vaults_maws,
          nicolae_vaults_circle_grid_a, v_alt_pattern_2, serial_ice_b,
          vaults_room_semicircle, layout_vaults_omnibox, serial_shops,
          nicolae_shop_bloodbath_and_beyond, nicolae_diamond_shop
Vaults:5
Crypt:1:  layout_misc_corridors, grunt_crypt_arrival_webbed, uniq_sojobo
Crypt:2:  layout_chaotic_city, gammafunk_ghost_spectres,
          minmay_misc_feat_columns, uniq_jory, uniq_donald
Crypt:3:  david_glass_crypt, layout_chaotic_city
Depths:1: layout_honeycomb, enter_ziggurat_f, mu_enter_wizlab_6,
          grunt_hell_entry_dis_mu, hex_tiny, kennysheep_nondescript,
          minmay_checkered_concentric_circles, serial_bayou_shore_b,
          grunt_megastairs_5
Depths:2: dreamdust_cat_pyramid, layout_gridlike, pan_entry,
          grunt_mini_vestibule, minmay_gold_behind_fungi, grunt_decor_cap,
          infiniplex_staircase_pillars_3b
Depths:3: minmay_skeletal_surprise, layout_basic, marbit_kobold_abyss_entry,
          hell_entry, minmay_misc_feat_pillars
Depths:4: grunt_twist_and_shout, layout_gridlike, pf_vacation_house_of_asmodeus,
          serial_shops, nicolae_shop_crystal, nicolae_lakefront_shop,
          nicolae_shop_temple_entry_statues_fountains, nicolae_shop_trees, shop,
          skrybe_limestone_x, pan_entry, minmay_shop_grove
Hell
Geh:1:    layout_gehenna_pools_triple, nicolae_geh_single_fiery_grave
Geh:2:    layout_gehenna_lava_caves
Geh:3:    nicolae_hells_giants_party, layout_gehenna_pools_triple,
          nicolae_geh_single_fiery_grave, lemuel_flamethrower_2
Geh:4:    layout_gehenna_pools_box

Skill      XL: |  1  2  3  4  5  6  7  8  9 10 11 12 13 14 15 16 17 18 19 20 21 22 23 24 25 |
---------------+----------------------------------------------------------------------------+-----
Axes           | 4 5 6 7 9 12 14 16 17 18 19 20 21 24 25 | 25.0
Armour         | 3 4 5 6 7 8 9 11 12 13 14 15 17 18 19 20 | 20.0
Fighting       | 4 5 6 7 8 10 11 12 13 14 16 17 18 19 20 21 23 25 26 27 | 27.0
Dodging        | 3 4 5 6 7 8 10 11 12 13 14 15 16 18 20 | 20.0
Crossbows      | 1 5 7 10 11 12 13 14 | 14.0
Shields        | 4 7 9 11 13 14 16 17 18 20 22 24 25 | 25.0
Evocations     | 5 8 10 11 | 11.5
Invocations    | 7 12 13 | 13.2

Action                   |  1- 3 |  4- 6 |  7- 9 | 10-12 | 13-15 | 16-18 | 19-21 | 22-24 | 25-27 || total
-------------------------+-------+-------+-------+-------+-------+-------+-------+-------+-------++-------
Melee: Hand axe          |    14 |       |   249 |   138 |       |       |       |       |       ||   401
       Headbutt          |    14 |    15 |    65 |    93 |   165 |   173 |   371 |   644 |    61 ||  1601
       Whip              |    57 |    89 |    26 |    20 |       |       |       |       |       ||   192
       Punch             |       |     2 |     1 |     5 |       |       |       |       |       ||     8
       Battleaxe         |       |       |    15 |    98 |       |       |       |       |       ||   113
       War axe           |       |       |       |   211 |   276 |       |   179 |  1347 |       ||  2013
       Unarmed           |       |       |       |    12 |       |       |       |       |       ||    12
       Broad axe         |       |       |       |       |   350 |   771 |  1046 |   296 |   148 ||  2611
 Fire: Arbalest          |       |       |       |    56 |       |       |       |       |       ||    56
       Hand crossbow     |       |       |       |    59 |   825 |  1218 |   686 |   654 |    80 ||  3522
Throw: Dart              |       |       |     5 |    22 |     3 |     5 |    10 |     9 |     8 ||    62
       Boomerang         |       |       |     3 |    10 |       |       |       |       |       ||    13
Invok: Berserk           |     2 |     4 |    10 |    16 |    15 |    20 |    11 |     3 |       ||    81
       Brothers in Arms  |       |       |       |       |     1 |     8 |     2 |     1 |       ||    12
       Trog's Hand       |       |       |       |       |     1 |     4 |     2 |     1 |       ||     8
       Divine Shield     |       |       |       |       |       |       |       |     3 |       ||     3
       Summon Divine War |       |       |       |       |       |       |       |     2 |       ||     2
       Cleansing Flame   |       |       |       |       |       |       |       |     1 |     6 ||     7
       Brand Weapon With |       |       |       |       |       |       |       |     1 |       ||     1
  Use: Scroll            |       |     5 |     3 |    14 |     6 |     7 |     2 |     4 |       ||    41
       Potion            |       |       |       |       |     2 |     1 |       |       |       ||     3
 Stab: Confused          |       |       |       |       |       |     1 |       |       |       ||     1
       Distracted        |       |       |       |       |       |     1 |       |       |       ||     1
       Held in net/web   |       |       |       |       |       |     1 |       |       |       ||     1
Armor: Animal skin       |    12 |       |       |       |       |       |       |       |       ||    12
       Chain mail        |    12 |    34 |   164 |     2 |       |       |       |       |       ||   212
       Plate armour      |       |       |       |   342 |   348 |   369 |   329 |   403 |    63 ||  1854
Dodge: Dodged            |    41 |    24 |   154 |   293 |   258 |   499 |   405 |   625 |    82 ||  2381
       Repelled          |       |       |       |       |     2 |    64 |    26 |    24 |     6 ||   122
Block: Kite shield       |       |       |       |    32 |   406 |  1117 |  1066 |   135 |       ||  2756
       Reflection        |       |       |       |       |       |    51 |    72 |    39 |     1 ||   163
       Tower shield      |       |       |       |       |       |       |       |  1957 |   195 ||  2152
